FLO
PALM BEACH CARDINALS @ FORT MYERS MIGHTY MUSSELS
04/06/2024
 
TOP OF THE 1ST
Palm Beach Cardinals batting - Pitching for Fort Myers Mighty Mussels : LHP Doug Keller
Pitching: LHP Doug Keller
Batting: RHB Dasan Brown 0-0: Called Strike
0-1: Foul Ball, location: 25F
0-2: Foul Ball, location: 3SF
0-2: Ball
1-2: Ball
2-2: DOUBLE (Groundball, 3L, EV 110.6 MPH)
Batting: LHB Peyton Stovall 0-0: Called Strike
0-1: Ball
1-1: Ball
2-1: Foul Ball, location: 7LMF
2-2: SINGLE (Flyball, 78S, EV 96.9 MPH)
Dasan Brown to third
Batting: LHB Marcelo Mayer 0-0: Swinging Strike
0-1: Ball
1-1: Ball
2-1: Swinging Strike
2-2: Ball
3-2: Fly out, F9 (Flyball, 9D, EV 90.0 MPH)
Batting: RHB A.J. Vukovich 0-0: Ball
1-0: Called Strike
1-1: Swinging Strike
1-2: Ball
2-2: Foul Ball, location: 2F
2-2: Ball
3-2: Fielders Choice at 2nd, 2-4 (Groundball, 15S, EV 70.0 MPH)
Batting: SHB Robert Puason 0-0: Ball
1-0: Ball
Wild Pitch!
Dasan Brown scores
A.J. Vukovich to second
2-0: Called Strike
2-1: Ball
3-1: Swinging Strike
3-2: Base on Balls
Batting: RHB Kyren Paris 0-0: Ball
1-0: Ball
2-0: Ground out 6-3 (Groundball, 6S, EV 68.8 MPH)
Top of the 1st over - 1 run, 2 hits, 0 errors, 2 left on base; Palm Beach 1 - Fort Myers 0
BOTTOM OF THE 1ST
Fort Myers Mighty Mussels batting - Pitching for Palm Beach Cardinals : RHP Garrett Greene
Pitching: RHP Garrett Greene
Batting: SHB Jean-Paul Berger 0-0: Foul Ball, location: 25F
0-1: Ball
1-1: Ball
2-1: Swinging Strike
2-2: Ball
3-2: Ground out U3 (Groundball, 34, EV 85.0 MPH)
Batting: LHB Bill Elliott 0-0: Called Strike
0-1: Ball
1-1: Fly out, F9 (Flyball, 9, EV 92.5 MPH)
Batting: RHB Tyler Black 0-0: Called Strike
0-1: Ball
1-1: Ball
2-1: Ball
3-1: Called Strike
3-2: Foul Ball, location: 23FF
3-2: Foul Ball, location: 9LMF
3-2: Foul Ball, location: 5FF
3-2: Base on Balls
Batting: LHB Cy Hansen 0-0: Swinging Strike
0-1: Fly out, F9 (Flyball, 89M, EV 95.6 MPH)
Bottom of the 1st over - 0 runs, 0 hits, 0 errors, 1 left on base; Palm Beach 1 - Fort Myers 0
TOP OF THE 2ND
Palm Beach Cardinals batting - Pitching for Fort Myers Mighty Mussels : LHP Doug Keller
Batting: RHB Carlos Flores 0-0: Foul Ball, location: 3DF
0-1: Ball
1-1: Called Strike
1-2: Foul Ball, location: 9LMF
1-2: Ball
2-2: Ground out 4-3 (Groundball, 4M, EV 90.6 MPH)
Batting: RHB Sly Stinson 0-0: Swinging Strike
0-1: Called Strike
0-2: Fly out, F8 (Flyball, 78D, EV 105.6 MPH)
Batting: RHB Jake Briningstool 0-0: Ball
1-0: Swinging Strike
1-1: Foul Ball, location: 25FF
1-2: Ball
2-2: Strikes out swinging
Top of the 2nd over - 0 runs, 0 hits, 0 errors, 0 left on base; Palm Beach 1 - Fort Myers 0
BOTTOM OF THE 2ND
Fort Myers Mighty Mussels batting - Pitching for Palm Beach Cardinals : RHP Garrett Greene
Batting: RHB Harry Ford 0-0: Called Strike
0-1: Ground out 6-3 (Groundball, 6, EV 89.4 MPH)
Batting: RHB Marcos Bustamente 0-0: Ball
1-0: Swinging Strike
1-1: Called Strike
1-2: Ball
2-2: Ball
3-2: Fly out, F5 (Popup, 25, EV 83.8 MPH)
Batting: RHB Landon Fickell 0-0: Called Strike
0-1: Ball
1-1: Foul Ball, location: 9LDF
1-2: Strikes out swinging
Bottom of the 2nd over - 0 runs, 0 hits, 0 errors, 0 left on base; Palm Beach 1 - Fort Myers 0
TOP OF THE 3RD
Palm Beach Cardinals batting - Pitching for Fort Myers Mighty Mussels : LHP Doug Keller
Batting: RHB Dasan Brown 0-0: Called Strike
0-1: Ball
1-1: Ball
2-1: Swinging Strike
2-2: Ground out 6-3 (Groundball, 6, EV 105.6 MPH)
Batting: LHB Peyton Stovall 0-0: Called Strike
0-1: Ball
1-1: Foul Ball, location: 5DF
1-2: Ball
2-2: Strikes out swinging
Batting: LHB Marcelo Mayer 0-0: Foul Ball, location: 9LSF
0-1: Ball
1-1: Called Strike
1-2: Ball
2-2: Foul Ball, location: 3F
2-2: Fly out, F7 (Flyball, 7S, EV 81.9 MPH)
Top of the 3rd over - 0 runs, 0 hits, 0 errors, 0 left on base; Palm Beach 1 - Fort Myers 0
BOTTOM OF THE 3RD
Fort Myers Mighty Mussels batting - Pitching for Palm Beach Cardinals : RHP Garrett Greene
Batting: RHB José Ríos 0-0: Called Strike
0-1: SINGLE (Groundball, 4MS, EV 67.5 MPH) (infield hit)
Batting: LHB Juan Ramírez 0-0: Bunt missed!
0-1: Sac Bunt to 2L - play at first, batter OUT! 2-3
José Ríos to second
Batting: SHB Jean-Paul Berger 0-0: Foul Ball, location: 9LDF
0-1: Ball
1-1: SINGLE (Line Drive, 9S, EV 91.9 MPH)
José Ríos to third
Batting: LHB Bill Elliott 0-0: Ball
1-0: Ball
2-0: Called Strike
2-1: Ball
3-1: Called Strike
3-2: Grounds out, U3 (Groundball, 3L, EV 95.0 MPH)
José Ríos scores
Batting: RHB Tyler Black 0-0: Ball
1-0: Ball
2-0: Ball
3-0: Base on Balls
Batting: LHB Cy Hansen 0-0: Swinging Strike
0-1: Ball
1-1: Ball
2-1: Foul Ball, location: 3FF
2-2: Strikes out swinging
Bottom of the 3rd over - 1 run, 2 hits, 0 errors, 2 left on base; Palm Beach 1 - Fort Myers 1
TOP OF THE 4TH
Palm Beach Cardinals batting - Pitching for Fort Myers Mighty Mussels : LHP Doug Keller
Batting: RHB A.J. Vukovich 0-0: Swinging Strike
0-1: Ground out 6-3 (Groundball, 6, EV 81.9 MPH)
Batting: SHB Robert Puason 0-0: Ball
1-0: Foul Ball, location: 9LDF
1-1: Ball
2-1: Fly out, F9 (Flyball, 9S, EV 71.3 MPH)
Batting: RHB Kyren Paris 0-0: Ball
1-0: Foul Ball, location: 2F
1-1: Swinging Strike
1-2: Ball
2-2: Strikes out swinging
Top of the 4th over - 0 runs, 0 hits, 0 errors, 0 left on base; Palm Beach 1 - Fort Myers 1
BOTTOM OF THE 4TH
Fort Myers Mighty Mussels batting - Pitching for Palm Beach Cardinals : RHP Garrett Greene
Batting: RHB Harry Ford 0-0: Fly out, F8 (Line Drive, 8RD, EV 103.8 MPH)
Batting: RHB Marcos Bustamente 0-0: Ball
1-0: Foul Ball, location: 9LSF
1-1: Ball
2-1: Ball
3-1: Base on Balls
Batting: RHB Landon Fickell 0-0: Called Strike
0-1: Ball
Marcos Bustamente steals 2nd base (no throw)
1-1: Called Strike
1-2: Ball
2-2: Strikes out swinging
Batting: RHB José Ríos 0-0: Fly out, F7 (Flyball, 7, EV 91.9 MPH)
Bottom of the 4th over - 0 runs, 0 hits, 0 errors, 1 left on base; Palm Beach 1 - Fort Myers 1
TOP OF THE 5TH
Palm Beach Cardinals batting - Pitching for Fort Myers Mighty Mussels : LHP Doug Keller
Batting: RHB Carlos Flores 0-0: Swinging Strike
0-1: Ball
1-1: DOUBLE (Line Drive, 7LS, EV 96.9 MPH)
Batting: RHB Sly Stinson 0-0: Ball
1-0: Fly out, F2 (Popup, 25F, EV 86.3 MPH)
Batting: RHB Jake Briningstool 0-0: Called Strike
0-1: Ball
1-1: Swinging Strike
1-2: Ball
2-2: Strikes out swinging
Pitching: RHP Arthur Gillespie
Batting: RHB Dasan Brown 0-0: Ball
1-0: Called Strike
1-1: Called Strike
1-2: Ball
2-2: Foul Ball, location: 2F
2-2: Strikes out swinging
Top of the 5th over - 0 runs, 1 hit, 0 errors, 1 left on base; Palm Beach 1 - Fort Myers 1
BOTTOM OF THE 5TH
Fort Myers Mighty Mussels batting - Pitching for Palm Beach Cardinals : RHP Garrett Greene
Batting: LHB Juan Ramírez 0-0: Swinging Strike
0-1: Swinging Strike
0-2: Strikes out swinging
Batting: SHB Jean-Paul Berger 0-0: Ground out 6-3 (Groundball, 6M, EV 88.1 MPH)
Batting: LHB Bill Elliott 0-0: DOUBLE (Groundball, 5L, EV 99.4 MPH)
Batting: RHB Tyler Black 0-0: Ball
1-0: Called Strike
1-1: Foul Ball, location: 3SF
1-2: Strikes out looking
Bottom of the 5th over - 0 runs, 1 hit, 0 errors, 1 left on base; Palm Beach 1 - Fort Myers 1
TOP OF THE 6TH
Palm Beach Cardinals batting - Pitching for Fort Myers Mighty Mussels : RHP Arthur Gillespie
Batting: LHB Peyton Stovall 0-0: SINGLE (Line Drive, 8LS, EV 88.1 MPH)
Batting: LHB Marcelo Mayer 0-0: Called Strike
0-1: Ball
1-1: Ball
2-1: Foul Ball, location: 2F
2-2: Ball
3-2: Foul Ball, location: 7LDF
3-2: Strikes out swinging
Batting: RHB A.J. Vukovich 0-0: Foul Ball, location: 2F
0-1: Called Strike
0-2: Foul Ball, location: 2F
0-2: Ball
1-2: Hit by Pitch
Peyton Stovall to second
Batting: SHB Robert Puason 0-0: Ball
1-0: Called Strike
1-1: Swinging Strike
1-2: Ball
2-2: Strikes out looking
Batting: RHB Kyren Paris 0-0: Ball
1-0: Foul Ball, location: 2F
1-1: Foul Ball, location: 2F
1-2: Fly out, F5 (Line Drive, 56, EV 65.6 MPH)
Top of the 6th over - 0 runs, 1 hit, 0 errors, 2 left on base; Palm Beach 1 - Fort Myers 1
BOTTOM OF THE 6TH
Fort Myers Mighty Mussels batting - Pitching for Palm Beach Cardinals : RHP Garrett Greene
Batting: LHB Cy Hansen 0-0: Ball
1-0: Ball
2-0: Foul Ball, location: 3FF
2-1: SINGLE (Line Drive, 89S, EV 89.4 MPH)
Batting: RHB Harry Ford 0-0: Ball
1-0: Ball
2-0: Ball
3-0: Base on Balls
Cy Hansen to second
Batting: RHB Marcos Bustamente 0-0: Ball
1-0: Ball
2-0: Bunt - Flyout to 5S! F5
Batting: RHB Landon Fickell 0-0: Ball
1-0: Called Strike
1-1: Called Strike
1-2: Ball
2-2: Strikes out swinging
Pitching: RHP Joe Bruce
Batting: RHB José Ríos 0-0: Foul Ball, location: 3F
0-1: Swinging Strike
0-2: Foul Ball, location: 25FF
0-2: Ground out 5-3 (Groundball, 56S, EV 92.5 MPH)
Bottom of the 6th over - 0 runs, 1 hit, 0 errors, 2 left on base; Palm Beach 1 - Fort Myers 1
TOP OF THE 7TH
Palm Beach Cardinals batting - Pitching for Fort Myers Mighty Mussels : RHP Arthur Gillespie
Batting: RHB Carlos Flores 0-0: Called Strike
0-1: Ball
1-1: Fly out, F7 (Flyball, 78D, EV 91.9 MPH)
Batting: RHB Sly Stinson 0-0: Ball
1-0: Called Strike
1-1: SINGLE (Groundball, 3S, EV 68.1 MPH) (infield hit)
Batting: RHB Jake Briningstool 0-0: Swinging Strike
0-1: Grounds into double play, 1-4-3 (Groundball, P, EV 73.8 MPH)
Top of the 7th over - 0 runs, 1 hit, 0 errors, 0 left on base; Palm Beach 1 - Fort Myers 1
BOTTOM OF THE 7TH
Fort Myers Mighty Mussels batting - Pitching for Palm Beach Cardinals : RHP Joe Bruce
Pitching: LHP Kole Alford
Pinch Hitting: RHB Yan Contreras 0-0: Called Strike
0-1: Foul Ball, location: 3FF
0-2: Ball
1-2: Strikes out swinging
Batting: SHB Jean-Paul Berger 0-0: Ball
1-0: Ball
2-0: Called Strike
2-1: Called Strike
2-2: Foul Ball, location: 2F
2-2: Foul Ball, location: 9LDF
2-2: Strikes out looking
Batting: LHB Bill Elliott 0-0: Foul Ball, location: 25FF
0-1: Ball
1-1: Ball
2-1: Foul Ball, location: 23FF
2-2: Ball
3-2: Ground out 4-3 (Groundball, 4, EV 101.9 MPH)
Bottom of the 7th over - 0 runs, 0 hits, 0 errors, 0 left on base; Palm Beach 1 - Fort Myers 1
TOP OF THE 8TH
Palm Beach Cardinals batting - Pitching for Fort Myers Mighty Mussels : RHP Arthur Gillespie
Now at 2B: Yan Contreras
Now at SS: Landon Fickell
Batting: RHB Dasan Brown 0-0: Hit by Pitch
Batting: LHB Peyton Stovall 0-0: Called Strike
Dasan Brown steals 2nd base
0-1: Ball
1-1: Foul Ball, location: 2F
1-2: Strikes out swinging
Batting: LHB Marcelo Mayer 0-0: Ball
1-0: Ball
2-0: Ball
3-0: Foul Ball, location: 7LMF
3-1: Ground out 1-3 (Groundball, 13S, EV 63.8 MPH)
Dasan Brown to third
Batting: RHB A.J. Vukovich 0-0: Ball
1-0: Called Strike
1-1: Ball
2-1: Ground out 4-3 (Groundball, 4S, EV 82.5 MPH)
Top of the 8th over - 0 runs, 0 hits, 0 errors, 1 left on base; Palm Beach 1 - Fort Myers 1
BOTTOM OF THE 8TH
Fort Myers Mighty Mussels batting - Pitching for Palm Beach Cardinals : LHP Kole Alford
Pitching: LHP Jeremy Powers
Batting: RHB Tyler Black 0-0: Called Strike
0-1: Ball
1-1: Foul Ball, location: 2LF
1-2: Ball
2-2: Ball
3-2: SINGLE (Groundball, 4S, EV 70.6 MPH) (infield hit)
Pinch Hitting: RHB Denny Oliver 0-0: Called Strike
0-1: Swinging Strike
0-2: Foul Ball, location: 2F
0-2: SINGLE (Line Drive, 3D, EV 96.3 MPH)
Tyler Black to second
Runner from 2nd tries for 3rd, SAFE, no throw by RF
Batting: RHB Harry Ford 0-0: Called Strike
0-1: Fielders Choice at home, 5-2 (Groundball, 56, EV 86.3 MPH)
Denny Oliver to second
Batting: RHB Marcos Bustamente 0-0: Ball
1-0: Called Strike
1-1: Ball
2-1: SINGLE (Groundball, 4MS, EV 65.6 MPH) (infield hit)
Denny Oliver to third
Harry Ford to second
Batting: RHB Landon Fickell 0-0: Ball
1-0: Ball
2-0: Ball
3-0: Called Strike
3-1: DOUBLE (Flyball, 89D, EV 108.1 MPH)
Denny Oliver scores
Harry Ford scores
Marcos Bustamente to third
Batting: RHB José Ríos 0-0: Ball
1-0: Fly out, F7 (Flyball, 7D, EV 80.0 MPH)
Batting: RHB Yan Contreras 0-0: Ball
1-0: Ground out 5-3 (Groundball, 5, EV 84.4 MPH)
Bottom of the 8th over - 2 runs, 4 hits, 0 errors, 2 left on base; Palm Beach 1 - Fort Myers 3
TOP OF THE 9TH
Palm Beach Cardinals batting - Pitching for Fort Myers Mighty Mussels : RHP Arthur Gillespie
Pitching: LHP Larry Madse
Now in RF: Anthony Covington
Batting: SHB Robert Puason 0-0: Ball
1-0: Foul Ball, location: 2F
1-1: Ball
2-1: Called Strike
2-2: Ball
3-2: Strikes out looking
Batting: RHB Kyren Paris 0-0: Ball
1-0: Swinging Strike
1-1: Foul Ball, location: 9LSFF
1-2: Foul Ball, location: 2F
1-2: Ball
2-2: Fly out, F3 (Popup, 34, EV 66.3 MPH)
Batting: RHB Carlos Flores 0-0: Ball
1-0: Ball
2-0: Ball
3-0: Called Strike
3-1: Base on Balls
Batting: RHB Sly Stinson 0-0: Called Strike
0-1: SINGLE (Line Drive, 4M, EV 98.1 MPH)
Carlos Flores to second
Pinch Hitting: RHB Kevin Parada 0-0: Swinging Strike
0-1: Ball
1-1: Swinging Strike
1-2: Fly out, F7 (Flyball, 78S, EV 89.4 MPH)
Top of the 9th over - 0 runs, 1 hit, 0 errors, 2 left on base; Palm Beach 1 - Fort Myers 3
Sunday, April 14th , 2024 - OOTP Baseball 24.11 Build 85